AoeStats
← dragonlee66

Arabia

510516959Analyzed
1v1 RM · 1d ago on Oct 1, 2026· 48m 22s· 2 players
Game mode
Random Map
Map size
Tiny (2 player)
Population
200
Speed
Normal
Resources
Standard
Victory
Conquest
Starting age
Dark Age
Ending age
Imperial Age
RankedLock teamsTeams togetherTeam positionsShared explorationLock speedFull tech treeHidden civsTurbo modeCheats
Victory
Defeat
🇨🇳 Goths · China
1055
+16
🇭🇰 Teutons · Hong Kong SAR China
1054
-16
Ashin
11:30 Feudal Age
11:56 Double-Bit Axe
12:23 Horse Collar
13:33 Loom
17:28 Castle Age
17:06 Fletching
18:29 Bow Saw
18:54 Heavy Plow
18:45 Stone Mining
19:23 Bodkin Arrow
21:09 Forging
21:52 Stone Shaft Mining
22:52 Bloodlines
24:12 Wheelbarrow
24:57 Town Watch
25:58 Ballistics
26:11 Gold Mining
30:17 Imperial Age
28:22 Ironclad
28:58 Hand Cart
29:10 Scale Barding Armor
30:21 Iron Casting
30:39 Bloodlines
31:21 Conscription
30:53 Cavalier
32:52 Blast Furnace
32:37 Chain Barding Armor
33:41 Crop Rotation
34:25 Two-Man Saw
35:41 Paladin
37:18 Plate Barding Armor
39:08 Crenellations
39:56 Hoardings
40:54 Town Patrol
41:06 Elite Skirmisher
42:12 Onager
dragonlee66
7:50 Loom
10:05 Feudal Age
15:45 Castle Age
14:03 Double-Bit Axe
14:34 Horse Collar
23:50 Wheelbarrow
24:24 Heavy Plow
24:14 Town Watch
30:42 Imperial Age
28:34 Bow Saw
29:10 Hand Cart
30:59 Padded Archer Armor
32:28 Chemistry
31:49 Ballistics
32:06 Conscription
32:13 Leather Archer Armor
34:46 Ring Archer Armor
35:34 Gold Mining
35:34 Stone Mining
38:32 Two-Man Saw
38:06 Crop Rotation
39:46 Squires
40:54 Pikeman
42:03 Halberdier
45:42 Capped Ram
Connection lost

Rejoining the realm…

Still unreachable

The connection could not be restored.

Session expired

The server has moved on; the page needs a fresh start.